 Dungeon Crawl Stone Soup version 0.22.1-1-ga44c0e5 (webtiles) character file.

86 Zephyr the Cudgeler (level 4, -1/45 HPs)
             Began as a Troll Chaos Knight on Oct 31, 2018.
             Slain by a goblin
             ... wielding a +2 dagger of electrocution
             ... led by Robin
              (5 damage)
             ... on level 2 of the Dungeon.
             The game lasted 00:05:07 (1197 turns).

Zephyr the Cudgeler (Troll Chaos Knight)            Turns: 1197, Time: 00:05:08

Health: -1/45      AC:  7    Str: 21    XL:     4   Next: 26%
Magic:  3/3        EV: 10    Int:  8    God:    Xom [.*....]
Gold:   22         SH:  0    Dex:  9    Spells: 3/3 levels left

rFire    . . .     SeeInvis .   a - +0 mace (chaos)
rCold    . . .     Gourm    +   (no shield)
rNeg     . . .     Faith    .   b - +2 robe
rPois    .         Spirit   .   (helmet restricted)
rElec    .         Reflect  .   (no cloak)
rCorr    .         Harm     .   (gloves unavailable)
MR       .....                  (boots unavailable)
Stlth    +.........             (no amulet)
HPRegen  0.55/turn              (no ring)
MPRegen  0.08/turn              (no ring)

@: no status effects
A: large, unfitting armour, claws 3, fast metabolism 3, gourmand, regeneration
1, shaggy fur 1, tough skin 2
a: Renounce Religion


You were on level 2 of the Dungeon.
You worshipped Xom.
You were a plaything of Xom.
You were very full.

You visited 1 branch of the dungeon, and saw 2 of its levels.

You collected 22 gold pieces.

Inventory:

Hand Weapons
 a - a +0 mace of chaos (weapon)
Armour
 b - a +2 robe (worn)
Jewellery
 d - an uncursed amulet of magic regeneration {unknown}
Scrolls
 e - 3 scrolls of identify {unknown}
 f - a scroll of magic mapping {unknown}
 h - a scroll of remove curse {unknown}
 k - a scroll of enchant armour {unknown}
 m - a scroll of teleportation {unknown}
Potions
 g - 3 potions of curing {unknown}
 i - a potion of might {unknown}
 j - a potion of lignification {unknown}
 n - a potion of agility {unknown}
Comestibles
 c - 3 rations
 l - a chunk of flesh


   Skills:
 + Level 3.2 Fighting
 + Level 3.7 Maces & Flails
 - Level 1.9 Dodging
 + Level 0.5 Stealth


You had 3 spell levels left.
You didn't know any spells.
Your spell library was empty.

Dungeon Overview and Level Annotations

Branches:
Dungeon (2/15)

Altars:
Nemelex Xobeh

Annotations:
D:2 Robin


Innate Abilities, Weirdness & Mutations

You are too large for most types of armour.
You have claws for hands.
Your metabolism is lightning-fast.
You like to eat raw meat.
Your natural rate of healing is unusually fast.
You are covered in fur. (AC +1)
You have very tough skin. (AC +2)


Message History

The hobgoblin no longer looks unusually strong.
The goblin hits you but does no damage.
The hobgoblin hits you but does no damage.
Robin roars a battlecry!
The goblins go into a battle-frenzy!
The goblin hits you but does no damage.
You are electrocuted!
The hobgoblin hits you but does no damage.
You closely miss the goblin.
The hobgoblin hits you but does no damage.
The goblin hits you with a dagger of electrocution.
You closely miss the goblin.
The goblin hits you with a dagger of electrocution!
You are electrocuted!
* * * LOW HITPOINT WARNING * * *
A shower of butterflies erupts from you!
The hobgoblin closely misses you.
You hit the goblin.
The goblin is heavily wounded.
The goblin hits you with a dagger of electrocution.
You die...

.#####.#.....#.# ..
.#...........#.# #⌠.
.....#.#.###.#.# #####+.._
...#.#.#.###.#[##########......⌠.
....>..................##..g...%.
.....#.#.###.#.#######g.#........
..#..#.#.# #.#..........#........
...).#.# # #.#########...........
..#..#.# #b..g@glggg..†........
..#..#.# ###########'#.#######.
..#..#.# ...# ..#..#.# #......#
..#..#.###### # #........
..#.........#.# #.....#...
..##.#.####.#.# #.....#.###
..##..........# #.....#.##
..##.#.##.#.#######.....#..#


You could see Robin, a hobgoblin, 3 goblins and a frilled lizard.

Vanquished Creatures
  A worker ant (shapeshifter) (D:1)
  An adder (D:2)
  An ooze (D:1)
  A worm (D:2)
  A dart slug (D:1)
  A leopard gecko (D:2)
  2 giant cockroaches
  10 goblins
  2 hobgoblins (D:1)
  2 jackals (D:1)
  3 bats
  A frilled lizard (D:2)
  5 kobolds
  8 rats
39 creatures vanquished.

Vanquished Creatures (collateral kills)
  A hobgoblin (D:1)
  A kobold (D:1)
  A bat (D:1)
  4 goblins
  A rat (D:1)
8 creatures vanquished.

Grand Total: 47 creatures vanquished

Notes
Turn   | Place    | Note
-------+----------+-------------------------------------------
     0 | D:1      | Zephyr the Troll Chaos Knight began the quest for the Orb.
     0 | D:1      | Reached XP level 1. HP: 22/22 MP: 0/0
    72 | D:1      | XOM: potion effect (agility)
    94 | D:1      | Reached XP level 2. HP: 23/29 MP: 1/1
   277 | D:1      | XOM: cast spell 'Summon Mana Viper'
   438 | D:1      | XOM: harmless Erth miscast
   455 | D:1      | XOM: fog
   477 | D:1      | XOM: summons 2 friendly demons
   484 | D:1      | Reached XP level 3. HP: 32/37 MP: 2/2
   662 | D:1      | XOM: summons 1 hostile demon
   833 | D:1      | XOM: god gift: 11 gold pieces
   916 | D:1      | XOM: polymorph hobgoblin -> dart slug
  1044 | D:2      | Reached XP level 4. HP: 44/45 MP: 3/3
  1151 | D:2      | Found a sparkling altar of Nemelex Xobeh.
  1156 | D:2      | Noticed Robin
  1164 | D:2      | XOM: smoke on damage
  1166 | D:2      | XOM: blink monster(s)
  1171 | D:2      | XOM: summons friendly iron imp
  1196 | D:2      | XOM: butterfly on damage
  1197 | D:2      | Slain by a goblin

Skill      XL: |  1  2 |
---------------+-------+-----
Maces & Flails | 3 |  3.7
Fighting       | 3 |  3.2
Dodging        | |  1.9
Stealth        | |  0.5

Action                   |  1- 3 |  4- 6 || total
-------------------------+-------+-------++-------
Melee: Mace              |    97 |    33 ||   130
 Stab: Sleeping          |     3 |       ||     3
       Petrified         |     4 |       ||     4
  Eat: Chunk             |    15 |     1 ||    16
Armor: Robe              |    56 |    25 ||    81
Dodge: Dodged            |    64 |    34 ||    98
